[Event "31st Roquetas de Mar Open 2020"]
[Site "Roquetas de Mar"]
[Date "2020.01.06"]
[Round "7.8"]
[White "Klekowski, Maciej"]
[Black "Mieles Palau, Daniel"]
[Result "1/2-1/2"]
[ECO "A36"]
[WhiteElo "2515"]
[BlackElo "2374"]
[Annotator "RC"]
[PlyCount "89"]
[EventDate "2020.01.02"]
[EventType "swiss"]
[EventCountry "ESP"]
[SourceTitle "playchess.com"]
[Source "ChessBase"]
[SourceQuality "1"]
[TimeControl "5400+30"]

1. c4 c5 2. Nc3 Nc6 3. g3 g6 4. Bg2 Bg7 5. b3 e6 6. Ba3 d6 7. e3 Nge7 8. Nge2 e5 9. O-O O-O 10. d3 b6 11. b4 Bb7 12. Rb1 Qd7 13. bxc5 dxc5 14. Nd5 Nxd5 15. Bxd5 Na5 16. Nc3 Kh8 17. Bb2 f5 18. Bxb7 Qxb7 19. f3 e4 20. fxe4 fxe4 21. Nxe4 Bxb2 22. Rxb2 Nxc4 23. Rbf2 Rxf2 24. Rxf2 Ne5 25. Nf6 Qg7 26. d4 Rd8 27. Qf1 cxd4 28. exd4 Nf7 29. Qe2 Nd6 30. g4 Nf5 31. Ne8 Qe7 32. Rxf5 Qxe8 33. Re5 Qf7 34. d5 Qf4 35. Kg2 Qd4 36. Re8+ Rxe8 37. Qxe8+ Kg7 38. Qe7+ Kg8 39. Qe6+ Kg7 40. Qe7+ Kg8 41. d6 Qxg4+ 42. Kf2 Qd4+ 43. Ke2 Qc4+ 44. Ke3 Qc3+ 45. Ke2 1/2-1/2

[Event "31st Roquetas de Mar Open 2020"]
[Site "Roquetas de Mar"]
[Date "2020.01.06"]
[Round "7.9"]
[White "Gines Esteo, Pedro Antonio"]
[Black "Sosa, Tomas"]
[Result "1-0"]
[ECO "A06"]
[WhiteElo "2482"]
[BlackElo "2508"]
[Annotator "RC"]
[PlyCount "85"]
[EventDate "2020.01.02"]
[EventType "swiss"]
[EventCountry "ESP"]
[SourceTitle "playchess.com"]
[Source "ChessBase"]
[SourceQuality "1"]
[TimeControl "5400+30"]

1. Nf3 d5 2. g3 Nc6 3. d4 Bf5 4. Bg2 Nb4 5. Na3 e6 6. O-O Nf6 7. Ne5 Be7 8. c3 Na6 9. Qa4+ c6 10. c4 Qb6 11. c5 Qb4 12. Qd1 Nb8 13. Nd3 Qa5 14. b4 Qd8 15. b5 O-O 16. Bf4 a6 17. b6 Nbd7 18. Nc2 Re8 19. Ne3 Be4 20. f3 Bxd3 21. exd3 e5 22. dxe5 Nxe5 23. d4 Ng6 24. Bc7 Qd7 25. Qd3 Rec8 26. Qf5 Nf8 27. Bh3 Qe8 28. Rae1 Ne6 29. Qd3 Nxc7 30. Bxc8 Qxc8 31. bxc7 Qxc7 32. Nf5 Bf8 33. Qe3 Re8 34. Qg5 Re6 35. Nh6+ Kh8 36. Ng4 Rxe1 37. Rxe1 Qa5 38. Re2 Qb4 39. Qd2 Qb1+ 40. Re1 Qf5 41. Nxf6 Qxf6 42. Qf4 Qg6 43. Qd6 1-0

[Event "31st Roquetas de Mar Open 2020"]
[Site "Roquetas de Mar"]
[Date "2020.01.06"]
[Round "7.10"]
[White "Espinosa Aranda, Angel"]
[Black "Rajarishi Karthi"]
[Result "1/2-1/2"]
[ECO "C03"]
[WhiteElo "2504"]
[BlackElo "2103"]
[Annotator "RC"]
[PlyCount "63"]
[EventDate "2020.01.02"]
[EventType "swiss"]
[EventCountry "ESP"]
[SourceTitle "playchess.com"]
[Source "ChessBase"]
[SourceQuality "1"]
[TimeControl "5400+30"]

1. e4 e6 2. d4 d5 3. Nd2 Be7 4. Ngf3 Nf6 5. e5 Nfd7 6. Bd3 c5 7. c3 b6 8. O-O Ba6 9. Ne1 Bxd3 10. Nxd3 Nc6 11. Qg4 O-O 12. Nf3 Kh8 13. h4 Qe8 14. Be3 Rc8 15. Nf4 b5 16. a3 a5 17. Ng5 Bd8 18. Qh5 h6 19. Nf3 Ne7 20. Ne2 Nf5 21. Ng3 Nxg3 22. fxg3 f5 23. Qxe8 Rxe8 24. Ne1 cxd4 25. cxd4 Bb6 26. Nf3 Rc2 27. Rf2 Rec8 28. Raf1 Ba7 29. Rxc2 Rxc2 30. Rf2 Rc7 31. Kf1 Nb6 32. Ke1 1/2-1/2

[Event "31st Roquetas de Mar Open 2020"]
[Site "Roquetas de Mar"]
[Date "2020.01.06"]
[Round "7.11"]
[White "Manu David Suthandram R"]
[Black "Sadzikowski, Daniel"]
[Result "0-1"]
[ECO "B40"]
[WhiteElo "2362"]
[BlackElo "2501"]
[Annotator "RC"]
[PlyCount "164"]
[EventDate "2020.01.02"]
[EventType "swiss"]
[EventCountry "ESP"]
[SourceTitle "playchess.com"]
[Source "ChessBase"]
[SourceQuality "1"]
[TimeControl "5400+30"]

1. e4 c5 2. Nf3 e6 3. Nc3 Nc6 4. Bb5 Nge7 5. O-O a6 6. Bxc6 Nxc6 7. e5 d6 8. exd6 Bxd6 9. d3 O-O 10. Re1 b6 11. Ne4 Bc7 12. Bg5 f6 13. Bh4 e5 14. c3 Kh8 15. Qd2 Bg4 16. Qe3 Qd7 17. h3 Bh5 18. g4 Bg6 19. Bg3 f5 20. gxf5 Bxf5 21. Nh4 Bxh3 22. Ng5 Bf5 23. Rad1 h6 24. Ngf3 Bh7 25. Nxe5 Bxe5 26. Bxe5 Nxe5 27. Qxe5 Rae8 28. Qh5 Rxe1+ 29. Rxe1 Bxd3 30. Re3 Bb1 31. Qe2 Rf6 32. b3 a5 33. a3 Qd5 34. c4 Qg5+ 35. Ng2 Bf5 36. Qd1 Re6 37. Rg3 Qe7 38. Qh5 Be4 39. Nf4 Re5 40. Qe2 Kh7 41. Qg4 Bf5 42. Qh5 Bc2 43. Qh3 Re1+ 44. Kh2 Be4 45. Ng2 Bxg2 46. Qf5+ Kg8 47. Kxg2 Re5 48. Qg6 Re6 49. Qg4 Qf6 50. Rf3 Qg6 51. Qxg6 Rxg6+ 52. Kf1 Rd6 53. Ke2 Kh7 54. Rf5 Kg6 55. Re5 Kf6 56. Rh5 Rd4 57. a4 Re4+ 58. Kf3 Re1 59. Rd5 Ke6 60. Rd3 h5 61. Kg3 g5 62. Rd5 Re5 63. Rd8 Kf5 64. f3 Re6 65. Rd5+ Kg6 66. Rd8 Re3 67. Rd6+ Kf5 68. Rd5+ Kf6 69. Rd6+ Re6 70. Rd5 Re3 71. Rd6+ Kf7 72. Rd5 g4 73. Rxh5 Rxf3+ 74. Kxg4 Rxb3 75. Kf5 Ke7 76. Rh7+ Kd6 77. Rh6+ Kc7 78. Rh7+ Kc6 79. Rh6+ Kb7 80. Rh7+ Ka6 81. Ke6 Rd3 82. Rd7 Rxd7 0-1

[Event "31st Roquetas de Mar Open 2020"]
[Site "Roquetas de Mar"]
[Date "2020.01.06"]
[Round "7.12"]
[White "Piceu, Tom"]
[Black "Vazquez Igarza, Renier"]
[Result "0-1"]
[ECO "E10"]
[WhiteElo "2366"]
[BlackElo "2552"]
[Annotator "RC"]
[PlyCount "90"]
[EventDate "2020.01.02"]
[EventType "swiss"]
[EventCountry "ESP"]
[SourceTitle "playchess.com"]
[Source "ChessBase"]
[SourceQuality "1"]
[TimeControl "5400+30"]

1. d4 Nf6 2. c4 e6 3. Nf3 c5 4. e3 a6 5. Nc3 d5 6. dxc5 Bxc5 7. cxd5 exd5 8. Be2 Nc6 9. O-O O-O 10. b3 d4 11. Na4 Ba7 12. Nxd4 Nxd4 13. exd4 Bxd4 14. Bb2 Bxb2 15. Nxb2 Bf5 16. Bf3 Be4 17. Bxe4 Nxe4 18. Re1 Qxd1 19. Raxd1 Nc3 20. Rd7 b5 21. a4 Rfd8 22. Ree7 Ne2+ 23. Kf1 Nd4 24. b4 Nc6 25. Rxf7 Rxd7 26. Rxd7 Nxb4 27. Nd3 Nxd3 28. Rxd3 b4 29. a5 Rb8 30. Rb3 Kf7 31. Ke2 Ke6 32. Kd3 Kd5 33. Kc2 Rc8+ 34. Kb2 Kc4 35. Rg3 g6 36. h4 Rd8 37. Rg4+ Kb5 38. h5 gxh5 39. Rg5+ Ka4 40. f4 Rd2+ 41. Kb1 Rf2 42. f5 h4 43. Rh5 Ka3 44. Rxh4 Rf1+ 45. Kc2 b3+ 0-1

[Event "31st Roquetas de Mar Open 2020"]
[Site "Roquetas de Mar"]
[Date "2020.01.06"]
[Round "7.13"]
[White "Khudov, Oleksandr"]
[Black "Lopez Martinez, Josep Manuel"]
[Result "0-1"]
[ECO "A45"]
[WhiteElo "2234"]
[BlackElo "2545"]
[Annotator "RC"]
[PlyCount "76"]
[EventDate "2020.01.02"]
[EventType "swiss"]
[EventCountry "ESP"]
[SourceTitle "playchess.com"]
[Source "ChessBase"]
[SourceQuality "1"]
[TimeControl "5400+30"]

1. d4 Nf6 2. Bf4 b6 3. e3 Bb7 4. Nf3 d6 5. h3 g6 6. Be2 Bg7 7. O-O O-O 8. c3 e6 9. Nbd2 Nbd7 10. Bh2 Qe7 11. Bd3 e5 12. e4 Nh5 13. Re1 Nf4 14. Bf1 Ne6 15. Nc4 Rad8 16. a4 a5 17. d5 Ng5 18. Nxg5 Qxg5 19. b4 Ra8 20. bxa5 bxa5 21. Rb1 Nc5 22. Nb2 Bc8 23. Nd3 Nxd3 24. Qxd3 f5 25. f3 fxe4 26. fxe4 Bh6 27. c4 Qd2 28. Qa3 Ba6 29. Kh1 Rab8 30. Bg1 Rb4 31. Red1 Qc2 32. Bd3 Qxa4 33. Qc3 Bxc4 34. Ra1 Qb3 35. Qxb3 Bxb3 36. Rf1 Rxf1 37. Rxf1 a4 38. Ba6 Rxe4 0-1

[Event "31st Roquetas de Mar Open 2020"]
[Site "Roquetas de Mar"]
[Date "2020.01.06"]
[Round "7.14"]
[White "Martin Carmona, Gaston Manuel"]
[Black "Villanueva, Mario"]
[Result "1/2-1/2"]
[ECO "E12"]
[WhiteElo "2211"]
[BlackElo "2488"]
[Annotator "RC"]
[PlyCount "86"]
[EventDate "2020.01.02"]
[EventType "swiss"]
[EventCountry "ESP"]
[SourceTitle "playchess.com"]
[Source "ChessBase"]
[SourceQuality "1"]
[TimeControl "5400+30"]

1. d4 e6 2. Nf3 Nf6 3. c4 b6 4. a3 Bb7 5. Nc3 Ne4 6. Qc2 Nxc3 7. Qxc3 Be7 8. g3 O-O 9. Bg2 c5 10. O-O cxd4 11. Nxd4 Qc8 12. Be3 d6 13. Rfd1 a6 14. Nf3 Nd7 15. Bd4 e5 16. Be3 h6 17. b4 Rd8 18. Rac1 Qc7 19. Qb3 Rac8 20. Bh3 Ba8 21. Qb1 Qb7 22. Bf5 Rc7 23. Rc2 Nf6 24. Qa2 g6 25. Bh3 Kg7 26. Bg2 Qb8 27. Qb2 Be4 28. Rc3 b5 29. Nd2 Bxg2 30. Kxg2 d5 31. cxd5 Rxc3 32. Qxc3 Nxd5 33. Qb3 Nxe3+ 34. fxe3 Qd6 35. Rf1 Bf6 36. Ne4 Qc6 37. Qb1 Be7 38. Rc1 Qd5 39. Kf2 Rd7 40. Nc5 Rd6 41. Ne4 Rd7 42. Nc5 Rd6 43. Ne4 Rd7 1/2-1/2

[Event "31st Roquetas de Mar Open 2020"]
[Site "Roquetas de Mar"]
[Date "2020.01.06"]
[Round "7.15"]
[White "Shahil Dey"]
[Black "Raja Harshit"]
[Result "0-1"]
[ECO "B96"]
[WhiteElo "2148"]
[BlackElo "2482"]
[Annotator "RC"]
[PlyCount "58"]
[EventDate "2020.01.02"]
[EventType "swiss"]
[EventCountry "ESP"]
[SourceTitle "playchess.com"]
[Source "ChessBase"]
[SourceQuality "1"]
[TimeControl "5400+30"]

1. e4 c5 2. Nf3 d6 3. d4 cxd4 4. Nxd4 Nf6 5. Nc3 a6 6. Bg5 e6 7. f4 Qc7 8. Qe2 Nbd7 9. O-O-O b5 10. a3 Be7 11. g4 Rb8 12. Bg2 h6 13. Bxf6 Bxf6 14. h4 b4 15. axb4 Rxb4 16. e5 dxe5 17. Nc6 Rxf4 18. Ne4 O-O 19. g5 Bb7 20. Nb4 Bxe4 21. Bxe4 Nc5 22. gxf6 Nxe4 23. Nd3 Qa5 24. c3 Rc8 25. Qg2 Qa1+ 26. Kc2 Qa4+ 27. Kb1 Rxf6 28. Rhg1 Rg6 29. Qh2 Qb3 0-1

[Event "31st Roquetas de Mar Open 2020"]
[Site "Roquetas de Mar"]
[Date "2020.01.06"]
[Round "7.16"]
[White "Gascon Del Nogal, Jose Rafael"]
[Black "Low, Zhen Yu Cyrus"]
[Result "0-1"]
[ECO "B51"]
[WhiteElo "2466"]
[BlackElo "2415"]
[Annotator "RC"]
[PlyCount "116"]
[EventDate "2020.01.02"]
[EventType "swiss"]
[EventCountry "ESP"]
[SourceTitle "playchess.com"]
[Source "ChessBase"]
[SourceQuality "1"]
[TimeControl "5400+30"]

1. e4 c5 2. Nf3 d6 3. Bb5+ Nd7 4. O-O a6 5. Bd3 Ngf6 6. c3 b5 7. a4 Bb7 8. axb5 axb5 9. Rxa8 Qxa8 10. Bxb5 Bxe4 11. Na3 e6 12. d4 cxd4 13. Bg5 Be7 14. Bxf6 gxf6 15. Nc4 Bxf3 16. Qxf3 Qxf3 17. gxf3 Rg8+ 18. Kh1 Rg5 19. Bxd7+ Kxd7 20. cxd4 d5 21. Ne3 Bd8 22. f4 Rh5 23. Kg2 Bb6 24. Rd1 f5 25. Rd3 Rh6 26. Nc2 Bc7 27. Ra3 Rg6+ 28. Kf1 Rh6 29. Kg2 Rh4 30. h3 Rxf4 31. Ra6 Re4 32. Kf1 Kc8 33. Ra8+ Bb8 34. Ra3 Rh4 35. Rc3+ Bc7 36. Ke2 Kb7 37. Rf3 Bb6 38. Kd3 Kc6 39. Kc3 Kd6 40. Kd3 f6 41. b4 e5 42. dxe5+ fxe5 43. Rxf5 Ke6 44. Rf8 Rxh3+ 45. Ke2 d4 46. f3 Kd5 47. Rf6 Bd8 48. Rf8 Rh2+ 49. Kf1 Rxc2 50. Rxd8+ Kc4 51. Rc8+ Kb3 52. Rd8 Kxb4 53. f4 Kc4 54. fxe5 d3 55. e6 Re2 56. Rd6 h5 57. Ra6 h4 58. Ra4+ Kb3 0-1

[Event "31st Roquetas de Mar Open 2020"]
[Site "Roquetas de Mar"]
[Date "2020.01.06"]
[Round "7.17"]
[White "Kiselev, Pavel"]
[Black "Real De Azua, Ernesto"]
[Result "0-1"]
[ECO "A05"]
[WhiteElo "2303"]
[BlackElo "2456"]
[Annotator "RC"]
[PlyCount "32"]
[EventDate "2020.01.02"]
[EventType "swiss"]
[EventCountry "ESP"]
[SourceTitle "playchess.com"]
[Source "ChessBase"]
[SourceQuality "1"]
[TimeControl "5400+30"]

1. Nf3 Nf6 2. c4 g6 3. Nc3 d5 4. Qa4+ Bd7 5. Qb3 dxc4 6. Qxc4 Bg7 7. Ne5 Be6 8. Qb5+ Nbd7 9. Nxd7 Qxd7 10. Qxb7 O-O 11. g3 Nd5 12. Qb5 Qxb5 13. Nxb5 Nb4 14. Na3 Nxa2 15. Bh3 Nxc1 16. Bxe6 fxe6 0-1

[Event "31st Roquetas de Mar Open 2020"]
[Site "Roquetas de Mar"]
[Date "2020.01.06"]
[Round "8.2"]
[White "Bernadskiy, Vitaliy"]
[Black "Harutyunian, Tigran K."]
[Result "1-0"]
[ECO "C26"]
[WhiteElo "2588"]
[BlackElo "2533"]
[Annotator "RC"]
[PlyCount "103"]
[EventDate "2020.01.02"]
[EventType "swiss"]
[EventCountry "ESP"]
[SourceTitle "playchess.com"]
[Source "ChessBase"]
[SourceQuality "1"]
[TimeControl "5400+30"]

1. e4 e5 2. Nc3 Nf6 3. g3 d5 4. exd5 Nxd5 5. Bg2 Nxc3 6. bxc3 Bc5 7. Nf3 Nc6 8. O-O O-O 9. Re1 Bb6 10. a4 Re8 11. d3 Bg4 12. h3 Bh5 13. g4 Bg6 14. Ng5 h6 15. Ne4 f5 16. gxf5 Bxf5 17. Qh5 Rf8 18. Be3 Qe8 19. Qxe8 Raxe8 20. Nc5 Bxc5 21. Bxc5 Rf6 22. f4 b6 23. Bd4 Rfe6 24. fxe5 Rd8 25. Bf2 Nxe5 26. Bg3 Nf7 27. Rxe6 Bxe6 28. Re1 Bd7 29. Bxc7 Re8 30. Rxe8+ Bxe8 31. a5 bxa5 32. Bxa5 Ba4 33. c4 Bxc2 34. d4 Kf8 35. c5 Ke7 36. d5 g5 37. Bc3 h5 38. Kf2 g4 39. h4 Nh6 40. c6 Bf5 41. Bb4+ Ke8 42. d6 Nf7 43. Ke3 a5 44. Ba3 a4 45. Kf4 Be6 46. Be4 Kd8 47. Bb4 Kc8 48. Bd3 Kb8 49. Bg6 a3 50. Bxf7 a2 51. c7+ Kb7 52. Bxe6 1-0

[Event "31st Roquetas de Mar Open 2020"]
[Site "Roquetas de Mar"]
[Date "2020.01.06"]
[Round "8.6"]
[White "Vazquez Igarza, Renier"]
[Black "Raja Harshit"]
[Result "1-0"]
[ECO "E10"]
[WhiteElo "2552"]
[BlackElo "2482"]
[Annotator "RC"]
[PlyCount "55"]
[EventDate "2020.01.02"]
[EventType "swiss"]
[EventCountry "ESP"]
[SourceTitle "playchess.com"]
[Source "ChessBase"]
[SourceQuality "1"]
[TimeControl "5400+30"]

1. d4 Nf6 2. c4 e6 3. Nf3 d5 4. cxd5 exd5 5. Bg5 h6 6. Bh4 g5 7. Bg3 Ne4 8. Nfd2 Bg7 9. Nxe4 dxe4 10. Nc3 O-O 11. h4 Bf5 12. hxg5 hxg5 13. e3 Nd7 14. Bc4 Bg6 15. Qg4 c5 16. Bf4 cxd4 17. exd4 Nb6 18. Bxg5 Qxd4 19. Bb3 Qc5 20. Be7 Qxe7 21. Qxg6 Rfe8 22. Bxf7+ Qxf7 23. Rh8+ Kxh8 24. Qxf7 Rf8 25. Qh5+ Kg8 26. Ke2 Rf6 27. Rd1 Re6 28. Qg5 1-0

[Event "31st Roquetas de Mar Open 2020"]
[Site "Roquetas de Mar"]
[Date "2020.01.06"]
[Round "8.8"]
[White "Low, Zhen Yu Cyrus"]
[Black "Krysa, Leandro"]
[Result "1/2-1/2"]
[ECO "C54"]
[WhiteElo "2415"]
[BlackElo "2522"]
[Annotator "RC"]
[PlyCount "72"]
[EventDate "2020.01.02"]
[EventType "swiss"]
[EventCountry "ESP"]
[SourceTitle "playchess.com"]
[Source "ChessBase"]
[SourceQuality "1"]
[TimeControl "5400+30"]

1. e4 e5 2. Nf3 Nc6 3. Bc4 Bc5 4. c3 Nf6 5. d4 exd4 6. e5 d5 7. Bb5 Ne4 8. cxd4 Bb6 9. Nc3 O-O 10. Be3 Bd7 11. Qb3 Nxc3 12. bxc3 Na5 13. Qa4 Bxb5 14. Qxb5 Nc4 15. O-O c6 16. Qb1 Nxe3 17. fxe3 f6 18. Qd3 Bc7 19. exf6 Qxf6 20. Rab1 b5 21. Rbe1 Rae8 22. e4 Qg6 23. Ne5 Rxf1+ 24. Qxf1 Bxe5 25. dxe5 Rxe5 26. exd5 Rxd5 27. c4 bxc4 28. Qxc4 h6 29. h3 Kh7 30. Rc1 Rd6 31. Qc5 a6 32. Qc2 Qxc2 33. Rxc2 Kg6 34. Rc5 Kf6 35. Ra5 Ke6 36. Kh2 g5 1/2-1/2

[Event "31st Roquetas de Mar Open 2020"]
[Site "Roquetas de Mar"]
[Date "2020.01.06"]
[Round "8.9"]
[White "Shariyazdanov, Andrey"]
[Black "Wieczorek, Oskar"]
[Result "1/2-1/2"]
[ECO "E98"]
[WhiteElo "2519"]
[BlackElo "2490"]
[Annotator "ChessBase"]
[PlyCount "139"]
[EventDate "2020.01.02"]
[EventType "swiss"]
[EventCountry "ESP"]
[SourceTitle "playchess.com"]
[Source "ChessBase"]
[SourceQuality "1"]
[TimeControl "5400+30"]

1. c4 Nf6 2. Nc3 g6 3. e4 d6 4. d4 Bg7 5. Be2 O-O 6. Nf3 e5 7. O-O Nc6 8. d5 Ne7 9. Ne1 Nd7 10. Nd3 f5 11. Bd2 Nf6 12. f3 f4 13. c5 g5 14. Rc1 Ng6 15. cxd6 cxd6 16. Nf2 Rf7 17. Qb3 h5 18. h3 Bf8 19. Rc2 a6 20. Rfc1 Nh4 21. Be1 Bd7 22. Ncd1 Ne8 23. Rc3 Rg7 24. Kf1 b5 25. Rc6 Kh8 26. Nd3 Bxc6 27. dxc6 Ng6 28. Nc3 Ne7 29. Nd5 Nxd5 30. exd5 Nf6 31. Nf2 Qb6 32. Bd3 Be7 33. Ne4 Nxe4 34. Bxe4 Bd8 35. Qc2 Qa7 36. Bg6 Qd4 37. Rd1 Qc4+ 38. Qxc4 bxc4 39. Bxh5 Rb8 40. Bc3 Kg8 41. Bg4 Kf8 42. Ke2 Bb6 43. Kd2 Ke7 44. Kc2 Bc7 45. a4 Bb6 46. Re1 Kd8 47. Re4 a5 48. Rxc4 Ra7 49. Bf5 Kc7 50. Bd3 Re8 51. Re4 Bc5 52. Bb5 Raa8 53. Kd3 Bb6 54. Re1 Bd4 55. b4 Bxc3 56. Kxc3 axb4+ 57. Kxb4 Reb8 58. a5 Ra7 59. Ra1 Re8 60. Bd3 Rb8+ 61. Kc3 Rba8 62. a6 Rb8 63. Rg1 Rh8 64. Rb1 Rb8 65. Rxb8 Kxb8 66. Kb4 Kc7 67. Ka5 Ra8 68. Be4 Ra7 69. Bd3 Ra8 70. Be4 1/2-1/2

[Event "31st Roquetas de Mar Open 2020"]
[Site "Roquetas de Mar"]
[Date "2020.01.06"]
[Round "8.10"]
[White "Rajarishi Karthi"]
[Black "Klekowski, Maciej"]
[Result "1-0"]
[ECO "E20"]
[WhiteElo "2103"]
[BlackElo "2515"]
[Annotator "RC"]
[PlyCount "77"]
[EventDate "2020.01.02"]
[EventType "swiss"]
[EventCountry "ESP"]
[SourceTitle "playchess.com"]
[Source "ChessBase"]
[SourceQuality "1"]
[TimeControl "5400+30"]

1. d4 Nf6 2. c4 e6 3. Nc3 Bb4 4. f3 c5 5. a3 Bxc3+ 6. bxc3 O-O 7. e4 d6 8. Bd3 Nc6 9. Ne2 e5 10. O-O Re8 11. d5 Na5 12. Ng3 h6 13. f4 exf4 14. Bxf4 Ng4 15. Ra2 Ne5 16. Raf2 f6 17. h3 Qe7 18. Nh5 Rf8 19. Bxh6 gxh6 20. Nxf6+ Kh8 21. Qh5 Qg7 22. Ne8 Rxf2 23. Rxf2 Qg5 24. Rf8+ Kh7 25. Nf6+ Kg7 26. Rg8+ Kxf6 27. Rxg5 hxg5 28. Qh6+ Kf7 29. Be2 Naxc4 30. Qxg5 Bd7 31. Bh5+ Kf8 32. h4 Nf7 33. Qf6 Nce5 34. Bxf7 Nxf7 35. h5 Re8 36. h6 Re5 37. Qg7+ Ke8 38. h7 Rh5 39. g4 1-0

[Event "31st Roquetas de Mar Open 2020"]
[Site "Roquetas de Mar"]
[Date "2020.01.06"]
[Round "8.11"]
[White "Mieles Palau, Daniel"]
[Black "Espinosa Aranda, Angel"]
[Result "0-1"]
[ECO "A15"]
[WhiteElo "2374"]
[BlackElo "2504"]
[Annotator "RC"]
[PlyCount "38"]
[EventDate "2020.01.02"]
[EventType "swiss"]
[EventCountry "ESP"]
[SourceTitle "playchess.com"]
[Source "ChessBase"]
[SourceQuality "1"]
[TimeControl "5400+30"]

1. c4 Nf6 2. g3 g6 3. Bg2 Bg7 4. Nc3 O-O 5. d4 c5 6. Nf3 cxd4 7. Nxd4 Nc6 8. O-O Qa5 9. Nc2 d6 10. Bd2 Qh5 11. e4 Ng4 12. h3 Nge5 13. g4 Bxg4 14. hxg4 Nxg4 15. Bf4 Be5 16. Qd2 g5 17. Bxe5 Ncxe5 18. Rfe1 f5 19. Ne3 f4 0-1

[Event "31st Roquetas de Mar Open 2020"]
[Site "Roquetas de Mar"]
[Date "2020.01.06"]
[Round "8.14"]
[White "Sosa, Tomas"]
[Black "Garcia Moreno, Carlos"]
[Result "1-0"]
[ECO "C50"]
[WhiteElo "2508"]
[BlackElo "2289"]
[Annotator "RC"]
[PlyCount "111"]
[EventDate "2020.01.02"]
[EventType "swiss"]
[EventCountry "ESP"]
[SourceTitle "playchess.com"]
[Source "ChessBase"]
[SourceQuality "1"]
[TimeControl "5400+30"]

1. e4 e5 2. Nf3 Nc6 3. Bc4 Bc5 4. d3 Nf6 5. O-O h6 6. c3 Bb6 7. Nbd2 O-O 8. Re1 d6 9. h3 Ne7 10. Nf1 Ng6 11. Ng3 c6 12. Bb3 Re8 13. d4 Qc7 14. Be3 Be6 15. Qd2 Bxb3 16. axb3 Kh7 17. b4 a6 18. c4 exd4 19. Bxd4 Bxd4 20. Qxd4 Ne5 21. Rad1 c5 22. bxc5 Qxc5 23. Qxc5 dxc5 24. Nxe5 Rxe5 25. f4 Re7 26. e5 Ne8 27. Rd5 Nc7 28. Rd6 Ne6 29. f5 Nd4 30. f6 gxf6 31. Rxf6 Rg8 32. Kf2 Rg5 33. Re4 Kg7 34. Rh4 Rexe5 35. Rfxh6 Rxg3 36. Rh7+ Kf6 37. Kxg3 Nf5+ 38. Kf4 Nxh4 39. Rxh4 Re2 40. Rh6+ Kg7 41. Rb6 Rxg2 42. Rxb7 Rc2 43. b3 a5 44. Ra7 Rc3 45. h4 Rh3 46. Kg4 Rxb3 47. Rxa5 Re3 48. Rxc5 Re4+ 49. Kg3 Kh6 50. Rc8 Kh5 51. Rh8+ Kg6 52. Rg8+ Kh6 53. Rg4 Re3+ 54. Kf4 Rc3 55. Ke5 Rf3 56. Rf4 1-0

[Event "31st Roquetas de Mar Open 2020"]
[Site "Roquetas de Mar"]
[Date "2020.01.06"]
[Round "8.15"]
[White "Villanueva, Mario"]
[Black "Rohit S"]
[Result "1/2-1/2"]
[ECO "B90"]
[WhiteElo "2488"]
[BlackElo "2267"]
[Annotator "RC"]
[PlyCount "75"]
[EventDate "2020.01.02"]
[EventType "swiss"]
[EventCountry "ESP"]
[SourceTitle "playchess.com"]
[Source "ChessBase"]
[SourceQuality "1"]
[TimeControl "5400+30"]

1. e4 c5 2. Nf3 d6 3. d4 cxd4 4. Nxd4 Nf6 5. Nc3 a6 6. Be3 e5 7. Nb3 Be6 8. h3 Be7 9. f4 exf4 10. Bxf4 Nc6 11. Qe2 Ne5 12. O-O-O Qc7 13. g4 O-O 14. Kb1 b5 15. Nd5 Bxd5 16. exd5 Nfd7 17. Nd4 Rfe8 18. Qd2 Bf8 19. b3 Ng6 20. Bg3 Nc5 21. Bg2 Ne4 22. Bxe4 Rxe4 23. Rhe1 Rxe1 24. Rxe1 Ne7 25. Nf5 Nxf5 26. gxf5 Be7 27. Bf2 Bf6 28. Bd4 Bxd4 29. Qxd4 Rc8 30. Qe4 h6 31. f6 g6 32. Re2 Qc3 33. Qf4 Qxh3 34. Rh2 Qc3 35. Qxh6 Qe1+ 36. Kb2 Qc3+ 37. Kb1 Qe1+ 38. Kb2 1/2-1/2

[Event "31st Roquetas de Mar Open 2020"]
[Site "Roquetas de Mar"]
[Date "2020.01.06"]
[Round "8.16"]
[White "Silva Lucena, Cristian"]
[Black "Camacho Collados, Jose"]
[Result "1-0"]
[ECO "C43"]
[WhiteElo "2217"]
[BlackElo "2419"]
[Annotator "RC"]
[PlyCount "109"]
[EventDate "2020.01.02"]
[EventType "swiss"]
[EventCountry "ESP"]
[SourceTitle "playchess.com"]
[Source "ChessBase"]
[SourceQuality "1"]
[TimeControl "5400+30"]

1. e4 e5 2. Nf3 Nf6 3. d4 Nxe4 4. dxe5 d5 5. Bd3 Nc5 6. O-O Bg4 7. h3 Bh5 8. Re1 Be7 9. Be2 O-O 10. Nc3 Bxf3 11. Bxf3 c6 12. Ne2 Ne6 13. Nd4 Nxd4 14. Qxd4 Bg5 15. c4 dxc4 16. Qxc4 Nd7 17. e6 Nb6 18. Qc5 Be7 19. Qf5 Bf6 20. Bf4 fxe6 21. Qxe6+ Kh8 22. Rad1 Qc8 23. b3 Qxe6 24. Rxe6 Kg8 25. a4 Rad8 26. Bd6 Rf7 27. a5 Nd5 28. a6 bxa6 29. Bg3 Rfd7 30. Rxc6 Nb4 31. Rxd7 Rxd7 32. Rc4 a5 33. Bg4 Re7 34. Rc5 Bd4 35. Rxa5 Re1+ 36. Kh2 Bb6 37. Rf5 g6 38. Rf6 Nd3 39. Be6+ Kg7 40. Rf7+ Kh6 41. Bc4 Nb2 42. Bb5 g5 43. h4 Kg6 44. Rd7 gxh4 45. Bxh4 Re5 46. Bc6 Re6 47. Bd5 Re5 48. f3 h5 49. Be4+ Rxe4 50. fxe4 Be3 51. Be1 Bf4+ 52. g3 Be5 53. Rd5 Bc7 54. Bc3 h4 55. Bxb2 1-0

[Event "31st Roquetas de Mar Open 2020"]
[Site "Roquetas de Mar"]
[Date "2020.01.07"]
[Round "9.1"]
[White "Bjerre, Jonas Buhl"]
[Black "Bernadskiy, Vitaliy"]
[Result "1/2-1/2"]
[ECO "B33"]
[WhiteElo "2535"]
[BlackElo "2588"]
[Annotator "RC"]
[PlyCount "62"]
[EventDate "2020.01.02"]
[EventType "swiss"]
[EventCountry "ESP"]
[SourceTitle "playchess.com"]
[Source "ChessBase"]
[SourceQuality "1"]
[TimeControl "5400+30"]

1. e4 c5 2. Nf3 Nc6 3. d4 cxd4 4. Nxd4 Nf6 5. Nc3 e5 6. Ndb5 d6 7. Bg5 a6 8. Na3 b5 9. Nd5 Be7 10. Bxf6 Bxf6 11. c4 b4 12. Nc2 O-O 13. g3 Rb8 14. Qd3 g6 15. Nxf6+ Qxf6 16. Bg2 Bb7 17. O-O a5 18. Rad1 Rfd8 19. b3 Ra8 20. Qe3 Nb8 21. Qb6 Qe7 22. c5 Ra6 23. Qb5 Qd7 24. Qxd7 Nxd7 25. Rxd6 Rxd6 26. cxd6 Nc5 27. Rd1 Bxe4 28. Ne3 Bd3 29. Rc1 Ne6 30. Ng4 Nd4 31. Rc7 Rxd6 1/2-1/2